 Dungeon Crawl Stone Soup version 0.21.1-1-g345015f (webtiles) character file.

942 Jawreze the Covert (level 7, 0/32 HPs)
             Began as a Spriggan Enchanter on May 28, 2018.
             Was an Initiate of Dithmenos.
             Slain by an orc warrior
             ... wielding a +0 halberd
              (5 damage)
             ... on level 5 of the Dungeon.
             The game lasted 00:16:44 (5637 turns).

Jawreze the Covert (Spriggan Enchanter)             Turns: 5637, Time: 00:16:44

Health: 0/32       AC:  3    Str:  4    XL:     7   Next: 88%
Magic:  2/17       EV: 18    Int: 19    God:    Dithmenos [......]
Gold:   293        SH:  0    Dex: 16    Spells: 9/18 levels left

rFire    . . .     SeeInvis +   g - -2 short sword (curse)
rCold    . . .     Gourm    .   (shield restricted)
rNeg     . . .     Faith    .   b - +1 robe
rPois    .         Spirit   .   (helmet restricted)
rElec    .         Reflect  .   (no cloak)
rCorr    .         Harm     .   (gloves unavailable)
MR       +....                  (boots unavailable)
Stlth    ++++......             (no amulet)
HPRegen  0.10/turn              (no ring)
MPRegen  0.15/turn              (no ring)

@: very slightly contaminated, very quick
A: very small, unfitting armour, horns 1, see invisible, herbivore, speed 3,
slow metabolism 2, evolution 1
a: Renounce Religion


You were on level 5 of the Dungeon.
You worshipped Dithmenos.
Dithmenos was noncommittal.
You were very hungry.

You visited 2 branches of the dungeon, and saw 6 of its levels.

You collected 293 gold pieces.

Inventory:

Hand Weapons
 a - a +1 dagger
 g - a cursed -2 short sword (weapon)
 m - a +0 hunting sling
 o - a +2 dagger of electrocution
Armour
 b - a +1 robe (worn)
Jewellery
 u - a +5 ring of evasion {unknown}
Scrolls
 h - a scroll of blinking
 k - 4 scrolls of teleportation
 n - 3 scrolls of identify
 p - a scroll of magic mapping
Potions
 e - a potion of mutation
 f - 3 potions of heal wounds
 i - a potion of agility {unknown}
 j - 3 potions of haste
 l - a potion of brilliance {unknown}
 q - a potion of cancellation {unknown}
 r - a potion of invisibility {unknown}
 t - 2 potions of curing {unknown}
Books
 c - a book of Maledictions

   Spells                             Type                      Level
   a - Corona                         Hexes                        1
   b - Ensorcelled Hibernation        Hexes/Ice                    2
   c - Confuse                        Hexes                        3
   d - Tukima's Dance                 Hexes                        3
   e - Dazzling Spray                 Conjuration/Hexes            3
 s - a book of Conjurations

   Spells                             Type                      Level
   a - Magic Dart                     Conjuration                  1
   b - Searing Ray                    Conjuration                  2
   c - Dazzling Spray                 Conjuration/Hexes            3
   d - Fulminant Prism                Conjuration/Hexes            4
   e - Force Lance                    Conjuration/Translocation    4
   f - Iskenderun's Mystic Blast      Conjuration                  4
 v - a book of Minor Magic

   Spells                             Type                      Level
   a - Magic Dart                     Conjuration                  1
   b - Blink                          Translocation                2
   c - Call Imp                       Summoning                    2
   d - Slow                           Hexes                        2
   e - Conjure Flame                  Conjuration/Fire             3
   f - Mephitic Cloud                 Conjuration/Poison/Air       3
Comestibles
 d - 9 rations


   Skills:
 + Level 0.0 Fighting
 + Level 4.6 Short Blades
 - Level 3.1 Dodging
 + Level 8.5 Stealth
 - Level 6.0 Spellcasting
 + Level 6.5 Hexes
 - Level 0.1 Ice Magic


You had 9 spell levels left.
You knew the following spells:

 Your Spells              Type           Power        Failure   Level  Hunger
a - Corona                Hex            ####...      1%          1    None
b - Ensorcelled Hibernat  Hex/Ice        ###...       4%          2    None
c - Confuse               Hex            ####....     2%          3    ##.....
d - Tukima's Dance        Hex            ####....     2%          3    ##.....


Dungeon Overview and Level Annotations

Branches:
Dungeon (5/15)             Temple (1/1) D:5

Altars:
Ashenzari
Cheibriados
Dithmenos
Fedhas
Gozag
Hepliaklqana
Kikubaaqudgha
Nemelex Xobeh
Okawaru
Qazlal
Ru
Sif Muna
Trog
Uskayaw
Wu Jian
Xom
Yredelemnul
Zin
The Shining One


Innate Abilities, Weirdness & Mutations

You are very small and have problems with some larger weapons.
You are too small for most types of armour.
You have supernaturally acute eyesight. (SInv)
You are a herbivore.
You cover ground extremely quickly.
You need consume almost no food.
You have a pair of small horns on your head.
You evolve.


Message History

The orc priest hits you but does no damage.
You completely miss the orc priest.
The orc priest is heavily wounded.
The orc warrior misses you.
You hit the orc priest but do no damage.
The orc priest is heavily wounded.
The orc priest barely misses you.
The orc warrior hits you with a halberd!
Ouch! That really hurt!
* * * LOW HITPOINT WARNING * * *
You hit the orc priest but do no damage.
Your headbutt misses the orc priest.
The orc priest is heavily wounded.
The orc priest hits you.
* * * LOW HITPOINT WARNING * * *
You hit the orc priest but do no damage.
You headbutt the orc priest.
The orc priest is heavily wounded.
The orc warrior hits you with a halberd.
You die...

......##⌠.⌠####[o#
......###[### #.>#
......###.### #o.#######
......# #.# #.o##....#
...)..# #.# #..)')...#
......# #.# #####....#
..[...# #.#########....#
......###..)...o.o.....#
##.......)####..@#.###.#
###..###..# #)..#.#**.#
......##..## #...#.....#
####.##....# #...#######
# #.###.#.# #)[.#
####.###...# #...#
..[....'...# #...#
####<###...# #...#
.....# #...# #...#


You could see an orc warrior and an orc priest.

Vanquished Creatures
  Duvessa (D:5)
  2 phantoms (D:4)
  Dowan (D:5)
  A scorpion (D:4)
  A bullfrog zombie (D:5)
  4 orc priests
  A hound (D:4)
  5 orc wizards
  A worker ant (D:4)
  A hound zombie (D:5)
  The ghost of Iko the Ducker, a weakling SpMo (D:3)
  3 gnolls (D:3)
  9 adders
  A shadow imp (D:4)
  4 oozes
  2 worms
  2 dart slugs
  13 orcs
  3 bats
  3 giant cockroaches
  5 goblins
  6 hobgoblins
  2 quokkas (D:2)
  A ball python (D:1)
  2 frilled lizards
  A jackal skeleton (D:3)
  3 kobolds
  7 rats
86 creatures vanquished.

Notes
Turn   | Place    | Note
-------+----------+-------------------------------------------
     0 | D:1      | Jawreze the Spriggan Enchanter began the quest for the Orb.
     0 | D:1      | Reached XP level 1. HP: 9/9 MP: 5/5
   362 | D:1      | Found a shattered altar of Ashenzari.
   384 | D:1      | Reached XP level 2. HP: 5/13 MP: 6/6
   388 | D:1      | Learned a level 2 spell: Ensorcelled Hibernation
   408 | D:1      | Gained mutation: You evolve. [potion of mutation]
   408 | D:1      | Gained mutation: You have a pair of small horns on your head. [potion of mutation]
   917 | D:2      | Reached skill level 5 in Stealth
  1146 | D:2      | Reached XP level 3. HP: 14/16 MP: 0/8
  1278 | D:2      | Found a faded altar of an unknown god.
  1431 | D:2      | Found a deep blue altar of Sif Muna.
  1449 | D:2      | Reached XP level 4. HP: 21/21 MP: 7/10
  2158 | D:3      | Reached skill level 6 in Stealth
  2325 | D:3      | Reached XP level 5. HP: 13/24 MP: 8/12
  2656 | D:3      | Learned a level 3 spell: Confuse
  3031 | D:3      | Noticed Iko's ghost (weakling SpMo)
  3143 | D:3      | Killed Iko's ghost
  3247 | D:4      | Reached skill level 5 in Hexes
  3491 | D:4      | Reached XP level 6. HP: 23/28 MP: 6/13
  4080 | D:4      | Reached skill level 7 in Stealth
  4129 | D:4      | Reached skill level 5 in Spellcasting
  4173 | D:4      | Reached XP level 7. HP: 32/32 MP: 3/15
  4296 | D:4      | Learned a level 3 spell: Tukima's Dance
  4297 | D:5      | Entered Level 5 of the Dungeon
  5011 | D:5      | Noticed Dowan
  5012 | D:5      | Found a staircase to the Ecumenical Temple.
  5045 | D:5      | Reached skill level 8 in Stealth
  5048 | Temple   | Entered the Ecumenical Temple
  5293 | Temple   | Became a worshipper of Dithmenos the Shadowed
  5332 | D:5      | Noticed Duvessa
  5342 | D:5      | Killed Duvessa
  5359 | D:5      | Killed Dowan
  5637 | D:5      | Slain by an orc warrior

Skill      XL: |  1  2  3  4  5  6  7 |
---------------+----------------------+-----
Spellcasting   | 3 4 5 6 |  6.0
Stealth        | 5 6 7 8 |  8.5
Hexes          | 4 5 6 |  6.5
Short Blades   | 2 3 4 |  4.6
Dodging        | |  3.1
Ice Magic      | |  0.1

Action                   |  1- 3 |  4- 6 |  7- 9 || total
-------------------------+-------+-------+-------++-------
Melee: Dagger            |    31 |       |       ||    31
       Short sword       |    53 |   103 |    83 ||   239
       Headbutt          |     1 |    18 |     8 ||    27
 Cast: Corona            |     4 |     1 |       ||     5
       Ensorcelled Hiber |    12 |    36 |    30 ||    78
       Confuse           |       |    10 |    11 ||    21
  Use: Scroll            |     2 |     2 |     3 ||     7
       Potion            |     1 |       |     1 ||     2
 Stab: Sleeping          |    18 |    31 |    14 ||    63
       Confused          |       |     7 |     8 ||    15
       Distracted        |       |       |     1 ||     1
  Eat: Ration            |       |     1 |     1 ||     2
Armor: Robe              |     7 |     1 |     4 ||    12
Dodge: Dodged            |    54 |    49 |    39 ||   142
